 Dungeon Sprint DCSS version 0.30.0-29-ga12c61a403 (webtiles) character file.

Game seed: 17250976157180200796

7551 bmack86 the Warrior (level 10, -9/177 HPs)
             Began as a Minotaur Fighter on June 8, 2023.
             Was an Initiate of Gozag.
             Mangled by an ancient champion
             ... wielding a +3 battleaxe
              (11 damage)
             ... in the Dungeon (Sprint V: "Ziggurat Sprint").
             The game lasted 00:08:04 (587 turns).

bmack86 the Warrior (Minotaur Fighter)               Turns: 587, Time: 00:08:05

Health: -9/177     AC: 30    Str: 38    XL:     10   Next: 96%
Magic:  9/9        EV:  3    Int:  5    God:    Gozag
Gold:   699        SH: 34    Dex:  9    Spells: 9/9 levels left

rFire   . . .        E - +16 obsidian axe {drain, demonic, Mesm Drain Fly SInv}
rCold   . . .        C - +18 shield of the Gong {Loud rN+ Will+ rCorr EV-5}
rNeg    + . .        D - +15 Maxwell's patent armour {-Cast -Tele rElec Will+ rCorr}
rPois   .            (helmet restricted)
rElec   +            (no cloak)
rCorr   +            (no gloves)
SInv    +            (no boots)
Will    ++...        a - amulet of reflection Stlth
                     z - +6 ring of strength
HPRegen 0.49/turn    A - +6 ring of strength
MPRegen 0.11/turn

%: no teleportation, no spellcasting, reflection
@: berserking, gold aura, flying, mesmerised, bribing [the Dungeon], very quick
A: horns 2, retaliatory headbutt
a: Renounce Religion, Potion Petition, Call Merchant, Bribe Branch


You were in the Dungeon.
You worshipped Gozag.
Gozag was pleased with you.
You visited 1 branch You collected 3969 gold pieces.
You paid 3270 gold pieces to Gozag.

Inventory:

Hand Weapons
 E - the +16 obsidian axe (weapon) {drain, demonic, Mesm Drain Fly SInv}
   (You found it in the Dungeon)

   Mesm:      Its wielder is mesmerised by any visible foes, and it cannot be
   unequipped while any foes are visible.
   SInv:      It lets you see invisible.
   Fly:       It grants you flight.
   Drain:     It drains your maximum health when unequipped.
Armour
 C - the +18 shield of the Gong (worn) {Loud rN+ Will+ rCorr EV-5}
   (You found it in the Dungeon)

   Loud:      It is deafeningly noisy when blocking attacks.
   EV:        It affects your evasion (-5).
   rN:        It protects you from negative energy.
   rCorr:     It protects you from acid and corrosion.
   Will:      It increases your willpower.
 D - the +15 Maxwell's patent armour (worn) {-Cast -Tele rElec Will+ rCorr}
   (You found it in the Dungeon)

   rElec:     It insulates you from electricity.
   -Cast:     It prevents spellcasting.
   -Tele:     It prevents most forms of teleportation.
   rCorr:     It protects you from acid and corrosion.
   Will:      It increases your willpower.
Jewellery
 a - an amulet of reflection (around neck)
 b - a ring of protection from cold
 n - the ring "Ziaron" {Ice rPois Dex+4 Stlth-}
   (You found it in the Dungeon)

   [ring of ice]

   It enhances your ice magic.
   Dex:       It affects your dexterity (+4).
   rF:        It makes you vulnerable to fire.
   rC:        It protects you from cold.
   rPois:     It protects you from poison.
   Stlth:     It makes you less stealthy.
 v - the ring of Boevaym {Fly Str-4 Int+6 Dex+2}
   (You found it in the Dungeon)

   [ring of intelligence]

   Str:       It affects your strength (-4).
   Int:       It affects your intelligence (+6).
   Dex:       It affects your dexterity (+2).
   Fly:       It grants you flight.
 w - the ring "Juaturr" {rCorr Str+3}
   (You found it in the Dungeon)

   [ring of resist corrosion]

   Str:       It affects your strength (+3).
   rCorr:     It protects you from acid and corrosion.
 x - a +6 ring of intelligence
 y - a +6 ring of intelligence
 z - a +6 ring of strength (left hand)
 A - a +6 ring of strength (right hand)
Wands
 c - a wand of polymorph (9)
 s - a wand of mindburst (7)
 t - a wand of acid (5) (quivered)
 B - a wand of paralysis (11)
Scrolls
 j - 4 scrolls of blinking
 o - 4 scrolls of amnesia
 p - 7 scrolls of fog
 q - 5 scrolls of identify
 r - 2 scrolls of fear
 u - a scroll of brand weapon
Potions
 d - 7 potions of might
 e - 10 potions of curing
 f - 14 potions of heal wounds
 g - 6 potions of haste
 h - 7 potions of magic
 i - 3 potions of berserk rage
 k - 2 potions of brilliance
 l - 2 potions of invisibility
 m - 4 potions of resistance


   Skills:
 + Level 20.8 Fighting
 - Level 17.9 Axes
 + Level 11.8 Armour
 + Level 11.9 Shields


You had 9 spell levels left.
You didn't know any spells.
Your spell library contained the following spells:

 Spells                   Type           Power      Damage    Failure   Level
 Sandblast                Erth           0%         2d4       98%         1
 Cigotuvi's Dreadful Rot  Necr/Pois/Air  0%         N/A       99%         2
 Passwall                 Tmut/Erth      0%         N/A       99%         2
 Ignite Poison            Fire/Tmut/Pois 0%         N/A       100%        3
 Stone Arrow              Conj/Erth      0%         3d7       100%        3
 Tukima's Dance           Hex            0%         N/A       100%        3
 Passage of Golubria      Tloc           0%         N/A       100%        4
 Summon Ice Beast         Ice/Summ       0%         N/A       100%        4
 Freezing Cloud           Conj/Ice/Air   0%         6-21      100%        5
 Summon Mana Viper        Hex/Summ       0%         N/A       100%        5
 Yara's Violent Unravell  Hex/Tmut       0%         3d3       100%        5
 Monstrous Menagerie      Summ           0%         N/A       100%        7


Dungeon Overview and Level Annotations

Branches:
Dungeon (1/1)

Altars:
Ashenzari
Cheibriados
Dithmenos
Elyvilon
Fedhas
Gozag
Hepliaklqana
Kikubaaqudgha
Makhleb
Nemelex Xobeh
Okawaru
Qazlal
Ru
Sif Muna
Trog
Uskayaw
Vehumet
Wu Jian
Xom
Yredelemnul
Zin
The Shining One
Jiyva
Lugonu

Annotations:
D 1 transporter


Innate Abilities, Weirdness & Mutations

You have a pair of horns on your head.
You reflexively headbutt those who attack you in melee.


Message History

You barely miss the ancient champion.
You hit the ancient champion but do no damage.
Visions of slaying the ancient champion flood into your mind.
You block the ancient champion's attack.
BOUMMMMG!
The tormentor calls on the powers of darkness!
Your body is wracked with pain!
* * * LOW HITPOINT WARNING * * *
Your chaos spawn gores the ancient champion!
Your chaos spawn freezes the ancient champion.
The ancient champion resists.
Your Fighting skill increases to level 20!
Your Armour skill gained 2 levels and is now at level 11!
Your Shields skill gained 2 levels and is now at level 11!
Unknown command.
You hit the ancient champion but do no damage.
The ancient champion is lightly damaged.
You miss the quicksilver elemental. You slash the ancient champion!
You slice the ancient champion!!
You break out of your daze!
You destroy the ancient champion!
Visions of slaying the quicksilver elemental flood into your mind.
You block the quicksilver elemental's attack.
GONNNNG!
You slice the ancient champion like a ripe choko!!!
The ancient champion is almost destroyed.
You barely miss the quicksilver elemental.
You slash the ancient champion!
You destroy the ancient champion!
Visions of slaying the ancient champion flood into your mind.
The tormentor calls on the powers of darkness!
Your body is wracked with pain!
* * * LOW HITPOINT WARNING * * *
The quicksilver elemental breathes dispelling energy at you.
The bolt of dispelling energy hits you!!
Your magical effects are unravelling.
* * * LOW HITPOINT WARNING * * *
The ancient champion hits you with a +3 battleaxe!
You die...
Your body crumbles into a pile of gold.

▓▓▓▓▓▓▓▓▓▓▓▓▓▓▓▓▓▓▓
▓...8©8...▓...8©8...▓
▓..![)))..▓..[)..)..▓
▓.."$$[)..▓...)=|...▓
▓.........▓.....)...▓
▓.........▓....)....▓
▓....99...▓.........▓
▓...Ez$2..▓.........▓
▓...$@$...▓.▓.....▓.▓
▓.▓..4..▓.▓....©....▓
▓....©....▓▓▓▓▓▓▓▓▓▓▓
▓▓▓▓▓▓▓▓▓▓▓


You could see 2 iron golems, a quicksilver elemental (catching breath), an
ancient champion (mesmerising, ally target), a tormentor and a friendly chaos
spawn (summoned).

Vanquished Creatures
  3 ancient champions (D)
  A yaktaur captain (D)
  An ironbound frostheart (D)
  A thrashing horror (D)
  A lindwurm (D)
  4 naga magi (D)
  A yaktaur (D)
  A spriggan (D)
  2 nagas (D)
  3 water moccasins (D)
  A hell hound (D)
  A wolf (D)
  A quasit (D)
  An orc priest (D)
  2 iron imps (D)
  7 orc wizards (D)
  3 adders (D)
  A white imp (D)
  An ufetubus (D)
  An adder skeleton (D)
  An adder zombie (D)
  3 orcs (D)
  4 ball pythons (D)
  A giant cockroach zombie (D)
  A jackal zombie (D)
47 creatures vanquished.

Vanquished Creatures (collateral kills)
  A water moccasin (D)
  A crimson imp (D)
  An orc priest (D)
  An iron imp (D)
  An orc wizard (D)
  3 shadow imps (D)
  A giant cockroach zombie (D)
9 creatures vanquished.

Vanquished Creatures (others)
  2 ancient champions (D)
  An adder (D)
3 creatures vanquished.

Grand Total: 59 creatures vanquished

Notes
Turn   | Place    | Note
-------+----------+-------------------------------------------
     0 | D        | bmack86 the Minotaur Fighter began the quest for the Orb.
     0 | D        | Reached XP level 1. HP: 19/19 MP: 0/0
     4 | D        | Found a shimmering blue altar of Sif Muna.
     4 | D        | Found a bloodstained altar of Trog.
     4 | D        | Found a sacrificial altar of Ru.
     4 | D        | Found a stormy altar of Qazlal.
     4 | D        | Found an iron altar of Okawaru.
     5 | D        | Found a sparkling altar of Nemelex Xobeh.
     5 | D        | Found a blossoming altar of Fedhas.
     5 | D        | Found the +6 Majin-Bo {spellvamp, MP+6 Int+6}
     5 | D        | Found the +27 heavy crossbow "Sniper" {heavy, Acc+∞ SInv}
     5 | D        | Found the +10 dark maul {heavy}
     5 | D        | Found the +15 Maxwell's patent armour {-Cast -Tele rElec
                  | Will+ rCorr}
     5 | D        | Found the +18 shield of the Gong {Loud rN+ Will+ rCorr
                  | EV-5}
     5 | D        | Found the +16 obsidian axe {drain, demonic, Mesm Drain Fly
                  | SInv}
     5 | D        | Found the +7 great mace "Firestarter" {flame, immolate,
                  | rFlCloud rF++}
     5 | D        | Found the +6 shillelagh "Devastator" {shatter}
     5 | D        | Found the +11 plutonium sword {Contam Stlth-}
     5 | D        | Found the +8 lance "Wyrmbane" {slay drac, rPois rF+ rC+
                  | AC+3}
     5 | D        | Found the +9 sword of Zonguldrok {reap}
     5 | D        | Found the +13 scythe of Curses {drain, curses, Drain}
     5 | D        | Found the +9 sword of Power {lifebolt}
     5 | D        | Found the +7 mace of Variability {chaos, chaos arc}
     5 | D        | Found the +11 Singing Sword {sonic wave}
     5 | D        | Found the +8 storm bow {elec, penet}
     5 | D        | Banished a spatial maelstrom
     7 | D        | Found a transporter.
     7 | D        | Found an ancient bone altar of Kikubaaqudgha.
     7 | D        | Found a viscous altar of Jiyva.
     7 | D        | Found a corrupted altar of Lugonu.
     7 | D        | Found a hazy altar of Hepliaklqana.
     7 | D        | Found a burning altar of Makhleb.
     7 | D        | Found an opulent altar of Gozag.
    56 | D        | Became a worshipper of Gozag Ym Sagoz the Greedy
    65 | D        | Entered arena 2.
    65 | D        | Noticed a spriggan
    65 | D        | Noticed a wolf
    65 | D        | Found a transporter.
    69 | D        | Killed a wolf
    70 | D        | Reached skill level 7 in Fighting
    70 | D        | Reached XP level 2. HP: 35/35 MP: 1/1
    70 | D        | Reached XP level 3. HP: 40/40 MP: 2/2
    70 | D        | Reached XP level 4. HP: 48/48 MP: 3/3
    70 | D        | Killed a spriggan
    71 | D        | Reached skill level 10 in Fighting
    71 | D        | Reached skill level 10 in Axes
    71 | D        | Reached XP level 5. HP: 59/59 MP: 4/4
    84 | D        | Reached skill level 13 in Fighting
    84 | D        | Reached XP level 6. HP: 72/72 MP: 5/5
    87 | D        | Entered arena 3.
    87 | D        | Noticed a water moccasin
    87 | D        | Found a transporter.
    89 | D        | Killed a water moccasin
    90 | D        | Reached XP level 7. HP: 79/79 MP: 6/6
   124 | D        | Entered arena 4.
   124 | D        | Found a transporter.
   152 | D        | Entered arena 5.
   152 | D        | Noticed a yaktaur
   152 | D        | Noticed an ironbound frostheart
   152 | D        | Noticed a lindwurm
   152 | D        | Noticed a yaktaur captain
   152 | D        | Found a transporter.
   157 | D        | Killed an ironbound frostheart
   158 | D        | Reached skill level 15 in Fighting
   158 | D        | Reached skill level 15 in Axes
   158 | D        | Reached XP level 8. HP: 42/91 MP: 7/7
   158 | D        | Killed a yaktaur
   158 | D        | Killed a yaktaur captain
   159 | D        | Reached skill level 17 in Fighting
   159 | D        | Reached XP level 9. HP: 48/103 MP: 8/8
   159 | D        | Killed a lindwurm
   160 | D        | Reached skill level 18 in Fighting
   318 | D        | Entered arena 6.
   318 | D        | Found a transporter.
   342 | D        | Got the ring "Ziaron" {Ice rPois Dex+4 Stlth-}
   347 | D        | Entered arena 7.
   347 | D        | Noticed a naga mage
   347 | D        | Noticed a naga mage
   350 | D        | Found a transporter.
   356 | D        | Killed a naga mage
   357 | D        | Reached skill level 5 in Armour
   357 | D        | Reached skill level 5 in Shields
   357 | D        | Killed a naga mage
   392 | D        | Entered arena 8.
   392 | D        | Found the +3 greatsling "Punk" {acid, rCorr}
   392 | D        | Noticed a thrashing horror
   393 | D        | Found a transporter.
   396 | D        | Killed a thrashing horror
   397 | D        | Reached skill level 19 in Fighting
   397 | D        | Reached XP level 10. HP: 89/115 MP: 9/9
   417 | D        | Got the ring of Boevaym {Fly Str-4 Int+6 Dex+2}
   419 | D        | Got the ring "Juaturr" {rCorr Str+3}
   462 | D        | Entered arena 9.
   463 | D        | Found a transporter.
   505 | D        | Entered arena 10.
   506 | D        | Found a transporter.
   533 | D        | Entered arena 11.
   533 | D        | Noticed a naga mage
   533 | D        | Noticed a naga mage
   534 | D        | Found a transporter.
   541 | D        | Killed a naga mage
   545 | D        | Killed a naga mage
   576 | D        | Entered arena 12.
   576 | D        | Noticed an ancient champion
   576 | D        | Noticed an ancient champion
   576 | D        | Noticed an ancient champion
   576 | D        | Noticed an ancient champion
   576 | D        | Noticed a quicksilver elemental
   577 | D        | Noticed an ancient champion
   577 | D        | Noticed an ancient champion
   577 | D        | Noticed an iron golem
   578 | D        | Noticed an iron golem
   579 | D        | Found a transporter.
   585 | D        | Killed an ancient champion
   586 | D        | Reached skill level 20 in Fighting
   586 | D        | Killed an ancient champion
   587 | D        | Killed an ancient champion
   587 | D        | HP: 2/177 [quicksilver elemental/bolt of dispelling energy
                  | (19)]
   587 | D        | Mangled by an ancient champion

Illustrated notes

Levels and vault maps discovered:
D:        sprint_v [room_start, room_1, room_2, room_3, room_4, room_5, room_6,
          room_7, room_8, room_9, room_10, room_11, room_12, room_13, room_14,
          room_15, room_16, room_17, room_18, room_19, room_20, room_21,
          room_22, room_23, room_24, room_25, room_26, room_27]

Skill      XL: |  1  2  3  4  5  6  7  8  9 10 |
---------------+-------------------------------+-----
Fighting       | 7 10 13 15 17 19 20 | 20.8
Axes           | 7 10 12 13 15 17 | 17.9
Armour         | 8 11 | 11.8
Shields        | 8 11 | 11.9

Action                     |  1- 3 |  4- 6 |  7- 9 | 10-12 || total
---------------------------+-------+-------+-------+-------++-------
  Melee: Broad axe         |     3 |     2 |    24 |    20 ||    49
         Headbutt          |       |       |     4 |     5 ||     9
 Invoke: Potion Petition   |       |       |       |     1 ||     1
         Bribe Branch      |       |       |       |     1 ||     1
  Evoke: Wand              |       |       |     2 |       ||     2
    Use: Potion            |       |     1 |       |       ||     1
 Armour: Plate armour      |     6 |       |    12 |     8 ||    26
  Block: Kite shield       |     7 |       |    40 |    28 ||    75
         Reflection        |       |       |     3 |     3 ||     6
